 Dungeon Crawl Stone Soup version 0.24.1-14-gf8d2b509d9 (webtiles) character file.

Game seed: 17017522973269623539, levelgen mode: deterministic

203664 cstieg1 the Devastator (level 18, -3/110 HPs)
             Began as a Tengu Wizard on Apr 7, 2021.
             Was a High Priest of Vehumet.
             Slain by an emperor scorpion (15 damage)
             ... on level 4 of the Spider Nest.
             The game lasted 03:00:37 (64346 turns).

cstieg1 the Devastator (Tengu Wizard)              Turns: 64346, Time: 03:00:37

Health: -3/110     AC: 32    Str: 11    XL:     18   Next: 62%
Magic:  3/34       EV: 12    Int: 23    God:    Vehumet [*****.]
Gold:   559        SH:  5    Dex: 13    Spells: 4/39 levels left

rFire    . . .     SeeInvis +   L - +9 staff of Olgreb {rPois}
rCold    . . .     Gourm    .   x - +0 buckler
rNeg     . . .     Faith    .   H - +3 storm dragon scales {Bai Suzhen}
rPois    ∞         Spirit   .   t - +2 hat
rElec    +         Reflect  .   J - +2 cloak {MR+}
rCorr    .         Harm     .   Y - +2 pair of gloves
MR       ++...                  (boots unavailable)
Stlth    ..........             P - amulet of the acrobat
HPRegen  0.28/turn              k - ring of see invisible
MPRegen  0.24/turn              m - +5 ring of protection

@: flying quickly and evasively, quick
A: beak, talons 3, able to fly
}: 1/15 runes: decaying
a: Stop Flying, Renounce Religion


You were on level 4 of the Spider Nest.
You worshipped Vehumet.
Vehumet was extremely pleased with you.
You were near starving.

You visited 6 branches of the dungeon, and saw 32 of its levels.

You collected 2470 gold pieces.
You spent 1911 gold pieces at shops.

Inventory:

Hand Weapons
 a - the +5 flail "Demonslayer" {speed, rF++ Str-5 Int+3}
   (You found it on level 12 of the Dungeon)

   Attacks with this weapon are significantly faster.
   It affects your strength (-5).
   It affects your intelligence (+3).
   It greatly protects you from fire.
 b - a +4 whip of venom
 A - the +6 whip "Bamiclir" {drain, rN+ Str+7 Dex+2}
   (You bought it in a shop on level 2 of the Orcish Mines)

   A truly terrible weapon, it drains the life of those it strikes.
   It affects your strength (+7).
   It affects your dexterity (+2).
   It protects you from negative energy.
 I - a +1 demon trident of draining
 L - the +9 staff of Olgreb (weapon) {rPois}
   (You took it off Arachne on level 2 of the Spider Nest)

   It protects you from poison.
Missiles
 B - 9 curare-tipped darts (quivered)
 O - 2 throwing nets
Armour
 t - a +2 hat (worn)
 x - a +0 buckler (worn)
 H - +3 storm dragon scales (worn) {Bai Suzhen}
 J - a +2 cloak of magic resistance (worn)
 S - the +0 shield of the Original Sin {Slay+3}
   (You took it off Donald on level 2 of the Lair of Beasts)

   It affects your accuracy and damage with ranged weapons and melee attacks
   (+3).
 T - a scarf of resistance
 W - +0 fire dragon scales
 Y - a +2 pair of gloves (worn)
Magical Staves
 e - an uncursed staff of cold
Jewellery
 f - the ring of Fauzxoall {rPois MR+ Str+4 Int+2 Dex+4}
   (You found it on level 2 of the Spider Nest)

   [ring of strength]

   It affects your strength (+4).
   It affects your intelligence (+2).
   It affects your dexterity (+4).
   It protects you from poison.
   It affects your resistance to hostile enchantments.
 i - a +3 ring of evasion
 k - a ring of see invisible (left hand)
 m - a +5 ring of protection (right hand)
 P - an amulet of the acrobat (around neck)
Wands
 r - a wand of acid (6)
 G - a wand of flame (32)
 K - a wand of iceblast (3)
 M - a wand of digging (6)
 Q - a wand of disintegration (4)
Scrolls
 g - 10 scrolls of teleportation
 l - 6 scrolls of blinking
 n - 14 scrolls of remove curse
 u - a scroll of fog
 y - 5 scrolls of magic mapping
 U - 4 scrolls of fear
 V - 2 scrolls of vulnerability
 X - a scroll of holy word
 Z - 3 scrolls of identify
Potions
 h - 8 potions of brilliance
 j - 3 potions of agility
 o - a potion of resistance
 p - 5 potions of curing
 q - 7 potions of haste
 s - 3 potions of lignification
 v - 2 potions of magic
 w - a potion of ambrosia
 z - 6 potions of invisibility
 C - 2 potions of cancellation
 D - 3 potions of berserk rage
 E - 2 potions of mutation
 F - 3 potions of might
 R - 4 potions of heal wounds
Miscellaneous
 c - a phial of floods
 N - a phantom mirror
Comestibles
 d - 12 rations


   Skills:
 + Level 11.5 Fighting
 - Level 4.0 Maces & Flails
 + Level 12.4 Armour
 + Level 12.7 Dodging
 - Level 2.0 Stealth
 + Level 5.9 Shields
 + Level 11.0 Spellcasting
 * Level 19.6 Conjurations
 * Level 9.2 Summonings
 + Level 5.1 Translocations
 + Level 9.0 Air Magic
 - Level 2.0 Earth Magic
 - Level 4.0 Poison Magic
 + Level 11.5 Evocations


You had 4 spell levels left.
You knew the following spells:

 Your Spells              Type           Power        Failure   Level  Hunger
a - Shock                 Conj/Air       ####         1%          1    None
b - Call Imp              Summ           ######..     3%          2    None
c - Conjure Flame         Conj/Fire      ######..     1%          3    None
d - Blink                 Tloc           N/A          19%         2    None
e - Mephitic Cloud        Conj/Pois/Air  #######.     1%          3    None
f - Spellforged Servitor  Conj/Summ      ######....   50%         7    #######
g - Searing Ray           Conj           ######       1%          2    None
h - Stone Arrow           Conj/Erth      ######       1%          3    None
j - Swiftness             Chrm/Air       ####....     24%         2    None
k - Airstrike             Air            ######....   7%          4    None
l - Bolt of Fire          Conj/Fire      ######....   54%         6    #####..

Your spell library contained the following spells:

 Spells                   Type           Power        Failure   Level  Hunger
 Chain Lightning          Conj/Air       ######....   98%         8    #######
 Ignition                 Fire           ##........   100%        8    #######
 Fire Storm               Conj/Fire      ######....   100%        9    #######
 Magic Dart               Conj           ####         1%          1    None
 Static Discharge         Conj/Air       ######..     1%          3    None
 Ignite Poison            Fire/Tmut/Pois ####....     41%         3    None
 Inner Flame              Hex/Fire       ##......     58%         3    None
 Beastly Appendage        Tmut           ##....       71%         1    None
 Corona                   Hex            ##.....      71%         1    None
 Portal Projectile        Hex/Tloc       ###...       71%         3    None
 Spider Form              Tmut/Pois      ####......   80%         3    None
 Slow                     Hex            ##......     83%         2    None
 Sticks to Snakes         Tmut           ##......     83%         2    None
 Sublimation of Blood     Necr           ##........   83%         2    None
 Cause Fear               Hex            ##........   100%        4    None
 Ice Form                 Ice/Tmut       ##......     100%        4    None
 Leda's Liquefaction      Hex/Erth       ###.......   100%        4    None
 Petrify                  Tmut/Erth      ###.....     100%        4    None
 Lightning Bolt           Conj/Air       ######....   2%          5    ####...
 Irradiate                Conj/Tmut      ######....   13%         5    ####...
 Alistair's Intoxication  Tmut/Pois      ####....     100%        5    ####...
 Blade Hands              Tmut           ##........   100%        5    ####...


Dungeon Overview and Level Annotations

Branches:
Dungeon (15/15)            Temple (1/1) D:4            Lair (6/6) D:8
  Swamp (4/4) Lair:3       Spider (4/4) Lair:2        Slime (0/5) Lair:5
    Orc (2/2) D:10            Elf (0/3) Orc:2        Vaults (0/5) D:14
 Depths (0/5) D:15

Altars:
Ashenzari
Cheibriados
Dithmenos
Elyvilon
Fedhas
Gozag
Hepliaklqana
Kikubaaqudgha
Makhleb
Nemelex Xobeh
Okawaru
Qazlal
Ru
Sif Muna
Trog
Uskayaw
Vehumet
Wu Jian
Xom
Yredelemnul
Zin
The Shining One
Beogh

Shops:
Orc:2 ((![

Annotations:
D:3 DukeAK1818's ghost, weakling FeSu
D:5 1 runed translucent door, SSird's ghost, novice GnWn
D:9 3 runed translucent doors, Pedro's ghost, journeyman FoFi
D:10 Dirihyb's ghost, novice GrFi; cstieg1's ghost, novice NaFi


Innate Abilities, Weirdness & Mutations

You have a beak for a mouth.
You have claws for feet.
You can fly continuously.


Message History

Confirm with . or Enter, or press ? or * to list all spells.
Aiming: Stone Arrow (safe; 1% risk of failure)
Press: ? - help, Shift-Dir - straight line, f/p - emperor scorpion
Aim: an emperor scorpion (flame, almost dead)
The stone arrow hits the emperor scorpion!
The emperor scorpion is almost dead.
The emperor scorpion is engulfed in blazing flames.
The emperor scorpion stings you but does no damage.
The emperor scorpion claws you.
* * * LOW HITPOINT WARNING * * *
The emperor scorpion claws you but does no damage.
Casting: Stone Arrow (safe; 1% risk of failure)
Confirm with . or Enter, or press ? or * to list all spells.
Aiming: Stone Arrow (safe; 1% risk of failure)
Press: ? - help, Shift-Dir - straight line, f/p - emperor scorpion
Aim: an emperor scorpion (flame, almost dead)
The stone arrow misses the emperor scorpion.
The emperor scorpion is engulfed in blazing flames.
The emperor scorpion stings you!
You die...

#.........####....
#....###...##.....
#^.....##†##.....#
#....#.^#.#..(...#
#.........####.###
#.....^...#^.#^..#
#....../..#^......
#s###.....##......
#@..##..#..#......
#^......#^........
#^^.....#^^...^...
#...#...^....##...
#...#.....####....
#...#....##...#...
#.....#.##........
#.....###..^..^...
####### #########


You could see an emperor scorpion.

Vanquished Creatures
  Bai Suzhen (Spider:4)
  Arachne (Spider:2)
  Jorgrun (D:14)
  4 thorn hunters
  A tengu reaver (D:14)
  Donald (Lair:2)
  Kirke (D:13)
  5 emperor scorpions
  4 orc warlords
  2 ghost moths
  The ghost of billz999 the Covert, a journeyman OpEE of Dithmenos (D:10)
  4 entropy weavers
  Nessos (D:15)
  Snorg (D:13)
  8 vault guards (D:14)
  14 hydras
  2 shambling mangroves
  3 ice dragons (Swamp:4)
  A ghost crab (Swamp:3)
  A catoblepas (D:15)
  4 centaur warriors
  10 alligators
  4 two-headed ogres
  A tengu warrior (D:10)
  5 orc high priests (Orc:2)
  The ghost of Tallon the Cleaver, a novice DsFi of Uskayaw (D:10)
  A death drake (Swamp:2)
  2 unseen horrors
  A swamp dragon (Swamp:3)
  A spriggan druid (Swamp:4)
  4 spectral hydras (Swamp:2)
  A phantasmal warrior (Swamp:2)
  6 orc knights
  7 orc sorcerers
  16 orb spiders
  2 deep elf magi
  14 ugly things
  27 wolf spiders
  A necromancer (Swamp:2)
  2 manticores
  2 cyclopes (D:14)
  3 elephants
  9 black mambas
  A torpor snail (Spider:3)
  18 spiny frogs
  6 gargoyles
  7 swamp worm zombies (Swamp:2)
  A yaktaur (D:14)
  2 rime drakes
  4 freezing wraiths
  4 komodo dragons
  11 demonic crawlers
  An efreet (D:10)
  3 meliai
  25 hornets
  5 trolls
  30 jumping spiders
  10 tyrant leeches
  7 blink frogs
  2 spectral swamp dragons (Swamp:2)
  26 slime creatures
  4 alligator zombies (Swamp:2)
  7 bog bodies
  7 hippogriffs
  18 tarantellas
  13 spriggans
  8 shadows
  2 wyverns
  A vampire (D:13)
  56 redbacks
  2 wraiths
  17 yaks
  6 swamp worm simulacra (Swamp:4)
  2 tyrant leech zombies (Swamp:2)
  A hog (D:14)
  3 basilisks
  2 large abominations (Swamp:2)
  A hungry ghost (D:12)
  21 vampire mosquitoes
  Menkaure (D:7)
  6 wargs
  17 insubstantial wisps
  23 swamp worms
  16 hydra simulacra (Swamp:4)
  A swamp worm (shapeshifter) (D:15)
  2 spiny frog zombies (Swamp:2)
  13 water moccasins
  6 porcupines
  40 orc warriors
  4 sky beasts
  7 swamp drakes
  2 phantoms
  8 ice beasts
  2 black bears
  15 ogres
  6 boggarts
  2 necrophages
  19 wolves
  26 centaurs
  10 crocodiles
  7 big kobolds
  19 bullfrogs
  A water moccasin zombie (D:11)
  A hornet simulacrum (D:15)
  2 wyvern skeletons (D:13)
  2 spriggan zombies (Swamp:2)
  6 scorpions
  3 troll zombies (Swamp:2)
  4 killer bees (D:7)
  17 wights
  3 electric eels
  4 crimson imps
  4 howler monkeys
  A wyvern simulacrum (D:14)
  A bullfrog zombie (D:7)
  41 orc priests
  4 centaur skeletons
  3 hounds
  Crazy Yiuf (D:5)
  3 jellies
  26 orc wizards
  4 iguanas
  6 hell rats (Lair:5)
  12 worker ants
  A hound zombie (D:5)
  A hound skeleton (D:6)
  3 worker ant zombies
  11 gnolls
  A howler monkey skeleton (D:10)
  18 adders
  A shadow imp (D:7)
  2 swamp drake simulacra (Swamp:4)
  2 adder skeletons
  An adder zombie (D:5)
  A worm (D:2)
  3 dart slugs
  6 leopard geckos
  127 orcs
  2 ball pythons
  8 giant cockroaches
  8 goblins
  3 hobgoblins
  11 jackals
  6 quokkas
  11 bats
  8 frilled lizards
  A giant cockroach zombie (D:6)
  33 kobolds
  A leopard gecko zombie (D:5)
  6 rats
1192 creatures vanquished.

Vanquished Creatures (collateral kills)
  Aizul (Spider:2)
  2 cyclopes (D:14)
  A crocodile (Lair:1)
  A bullfrog (D:2)
5 creatures vanquished.

Vanquished Creatures (others)
  A deep elf knight (D:14)
  2 spriggan druids (Swamp:4)
  A demonic crawler (Spider:3)
  A spriggan (Swamp:4)
  2 humans (D:14)
  An orc priest (Orc:2)
  An orc (Orc:1)
  2 briar patches (Swamp:2)
  23 fungi
  14 plants
  5 withered plants (Swamp:2)
53 creatures vanquished.

Grand Total: 1250 creatures vanquished

Notes
Turn   | Place    | Note
-------+----------+-------------------------------------------
     0 | D:1      | cstieg1 the Tengu Wizard began the quest for the Orb.
     0 | D:1      | Reached XP level 1. HP: 10/10 MP: 5/5
   179 | D:1      | Reached XP level 2. HP: 15/15 MP: 2/7
   221 | D:1      | Reached skill level 2 in Conjurations
   225 | D:1      | Learned a level 2 spell: Call Imp
   967 | D:2      | Reached XP level 3. HP: 20/20 MP: 0/8
   972 | D:2      | Learned a level 3 spell: Conjure Flame
  1037 | D:2      | Learned a level 2 spell: Blink
  1381 | D:2      | Reached skill level 3 in Conjurations
  1495 | D:2      | Reached skill level 1 in Armour
  1622 | D:2      | Reached XP level 4. HP: 24/24 MP: 6/9
  1735 | D:2      | Noticed a bullfrog
  1753 | D:2      | Killed a bullfrog
  1753 | D:2      | Reached skill level 1 in Fighting
  2110 | D:3      | Gained mutation: You can fly continuously. [Tengu growth]
  2110 | D:3      | Reached XP level 5. HP: 27/29 MP: 5/11
  2964 | D:3      | Reached skill level 4 in Conjurations
  3037 | D:3      | Found a snail-covered altar of Cheibriados.
  3140 | D:3      | Reached XP level 6. HP: 22/35 MP: 3/12
  3244 | D:3      | Reached skill level 1 in Evocations
  3286 | D:3      | Found a runed translucent door.
  3491 | D:3      | Found a burning altar of Makhleb.
  3493 | D:3      | Found a glowing silver altar of Zin.
  3493 | D:3      | Noticed an angel
  3494 | D:3      | Noticed a balrug
  3507 | D:3      | Found a shimmering altar of Xom.
  3686 | D:3      | Noticed DukeAK1818's ghost (weakling FeSu)
  3949 | D:3      | Learned a level 3 spell: Mephitic Cloud
  4101 | D:4      | Reached skill level 1 in Air Magic
  4141 | D:4      | Reached skill level 1 in Shields
  4268 | D:4      | Found a staircase to the Ecumenical Temple.
  4277 | Temple   | Entered the Ecumenical Temple
  4367 | Temple   | Became a worshipper of Vehumet
  4416 | D:4      | Reached XP level 7. HP: 30/40 MP: 13/13
  4682 | D:4      | Reached skill level 5 in Conjurations
  5237 | D:5      | Entered Level 5 of the Dungeon
  5364 | D:5      | Reached skill level 1 in Poison Magic
  5762 | D:5      | Reached XP level 8. HP: 45/45 MP: 4/14
  5768 | D:5      | Found a runed translucent door.
  5992 | D:5      | Noticed SSird's ghost (novice GnWn)
  6467 | D:5      | Reached skill level 6 in Conjurations
  6587 | D:5      | Found a runed translucent door.
  6588 | D:5      | Noticed Crazy Yiuf
  6681 | D:5      | Found a stormy altar of Qazlal.
  6681 | D:5      | Found a shimmering blue altar of Sif Muna.
  6686 | D:5      | Found a faded altar of an unknown god.
  6688 | D:5      | Found a faded altar of an unknown god.
  6689 | D:5      | Found a white marble altar of Elyvilon.
  6872 | D:5      | Killed Crazy Yiuf
  7290 | D:6      | Found a glowing golden altar of the Shining One.
  7321 | D:6      | Reached * piety under Vehumet
  7321 | D:6      | Offered knowledge of Shock by Vehumet.
  7820 | D:6      | Learned a level 1 spell: Shock
  7973 | D:6      | Reached XP level 9. HP: 50/50 MP: 7/16
  8531 | D:7      | Reached skill level 7 in Conjurations
  8556 | D:7      | Reached skill level 5 in Air Magic
  9187 | D:7      | Found a shattered altar of Ashenzari.
  9238 | D:7      | Noticed Menkaure
  9396 | D:7      | Killed Menkaure
  9396 | D:7      | Offered knowledge of Searing Ray by Vehumet.
  9400 | D:7      | Learned a level 2 spell: Searing Ray
  9755 | D:8      | Reached ** piety under Vehumet
  9835 | D:8      | Reached skill level 8 in Conjurations
  9883 | D:8      | Reached skill level 5 in Dodging
  9883 | D:8      | Reached skill level 5 in Summonings
  9883 | D:8      | Reached skill level 1 in Translocations
  9883 | D:8      | Reached XP level 10. HP: 56/56 MP: 12/18
 10105 | D:8      | Found a staircase to the Lair.
 10220 | D:8      | Reached skill level 5 in Spellcasting
 10680 | D:8      | You are sucked into a shaft and drop 1 floor!
 11221 | D:9      | Offered knowledge of Static Discharge by Vehumet.
 11226 | D:9      | Reached skill level 9 in Conjurations
 11323 | D:9      | Found a burning altar of Makhleb.
 11398 | D:9      | Found an ancient bone altar of Kikubaaqudgha.
 11445 | D:9      | Reached skill level 5 in Armour
 11595 | D:9      | Found a runed translucent gate.
 11596 | D:9      | Found a runed translucent gate.
 11610 | D:9      | Found a runed translucent gate.
 11666 | D:9      | Noticed Pedro's ghost (journeyman FoFi)
 11756 | D:9      | Reached *** piety under Vehumet
 12089 | D:10     | Entered Level 10 of the Dungeon
 12105 | D:10     | Killed an unseen horror
 12304 | D:10     | Found a staircase to the Orcish Mines.
 12449 | D:10     | Noticed a gargoyle
 12476 | D:10     | Killed a gargoyle
 12611 | D:10     | Noticed a two-headed ogre
 12621 | D:10     | Reached skill level 5 in Fighting
 12621 | D:10     | Reached XP level 11. HP: 61/63 MP: 20/20
 12663 | D:10     | Killed a two-headed ogre
 12663 | D:10     | Reached skill level 10 in Conjurations
 12663 | D:10     | Reached skill level 5 in Evocations
 12758 | D:10     | Offered knowledge of Stone Arrow by Vehumet.
 12763 | D:10     | Learned a level 3 spell: Stone Arrow
 12903 | D:10     | Found a runed translucent gate.
 12903 | D:10     | Found a runed translucent gate.
 12903 | D:10     | Found a runed translucent gate.
 12903 | D:10     | Noticed billz999's ghost (journeyman OpEE)
 12903 | D:10     | Noticed cstieg1's ghost (novice NaFi)
 12904 | D:10     | Noticed Dirihyb's ghost (novice GrFi)
 12904 | D:10     | Noticed Tallon's ghost (novice DsFi)
 13284 | D:10     | Noticed a tengu warrior
 13306 | D:10     | Killed a tengu warrior
 14084 | D:11     | Reached **** piety under Vehumet
 14237 | D:11     | Offered knowledge of Bolt of Draining by Vehumet.
 14882 | D:12     | Got a brightly glowing flail
 14907 | D:12     | Reached skill level 11 in Conjurations
 15209 | D:12     | Identified the +5 flail "Demonslayer" {speed, rF++ Str-5
                  | Int+3} (You found it on level 12 of the Dungeon)
 15975 | D:10     | Killed Tallon's ghost
 16004 | D:10     | Killed billz999's ghost
 16004 | D:10     | Reached XP level 12. HP: 34/70 MP: 10/22
 16659 | Lair:1   | Entered Level 1 of the Lair of Beasts
 17521 | Lair:2   | Reached skill level 12 in Conjurations
 17684 | Lair:2   | Noticed a four-headed hydra
 18001 | Lair:2   | Killed a four-headed hydra
 18310 | Lair:2   | Found a hole to the Spider Nest.
 18354 | Lair:2   | Noticed a six-headed hydra
 18363 | Lair:2   | Killed a six-headed hydra
 18363 | Lair:2   | Reached skill level 1 in Maces & Flails
 18604 | Lair:2   | Noticed a seven-headed hydra
 18821 | Lair:2   | Killed a seven-headed hydra
 18957 | Lair:2   | Reached ***** piety under Vehumet
 18957 | Lair:2   | Offered knowledge of Throw Icicle by Vehumet.
 18958 | Lair:2   | Noticed a four-headed hydra
 18980 | Lair:2   | Killed a four-headed hydra
 19935 | Lair:3   | Noticed a five-headed hydra
 19945 | Lair:3   | Killed a five-headed hydra
 20137 | Lair:3   | Found a staircase to the Swamp.
 20392 | Lair:3   | Reached skill level 13 in Conjurations
 20899 | Lair:3   | Reached XP level 13. HP: 73/76 MP: 24/24
 23229 | Lair:5   | Found a staircase to the Slime Pits.
 23865 | Lair:6   | Entered Level 6 of the Lair of Beasts
 24527 | Lair:5   | Reached skill level 14 in Conjurations
 26278 | Orc:1    | Entered Level 1 of the Orcish Mines
 26283 | Orc:1    | Noticed an orc warlord
 26355 | D:10     | Paralysed by an orc sorcerer for 7 turns
 26520 | D:10     | Killed an orc warlord
 27524 | Orc:1    | Paralysed by an orc sorcerer for 5 turns
 28095 | D:10     | Reached XP level 14. HP: 66/84 MP: 27/27
 28555 | D:13     | Offered knowledge of Ozocubu's Refrigeration by Vehumet.
 28957 | D:13     | Reached skill level 15 in Conjurations
 29121 | D:13     | Noticed Snorg
 29138 | D:13     | Killed Snorg
 29387 | D:13     | HP: 4/84 [something/vampiric draining (15)]
 30252 | D:14     | Found a gate to the Vaults.
 30376 | D:14     | Reached skill level 1 in Earth Magic
 30661 | D:14     | Noticed Kirke
 30693 | D:13     | Killed Kirke
 30693 | D:13     | Reached skill level 10 in Dodging
 31065 | D:14     | Learned a level 5 spell: Lightning Bolt
 31068 | D:14     | Learned a level 2 spell: Swiftness
 31084 | D:14     | Noticed Jorgrun
 31102 | D:14     | Killed Jorgrun
 31292 | D:14     | Found a runed translucent door.
 31293 | D:14     | Noticed a tengu reaver
 31331 | D:14     | Killed a tengu reaver
 32028 | D:15     | Entered Level 15 of the Dungeon
 32047 | D:14     | Reached skill level 10 in Armour
 32337 | D:15     | Reached XP level 15. HP: 79/90 MP: 28/28
 32661 | D:15     | Reached skill level 16 in Conjurations
 33550 | D:15     | Found a staircase to the Depths.
 33737 | D:15     | Noticed Nessos
 33755 | D:15     | Killed Nessos
 34020 | D:15     | Offered knowledge of Yara's Violent Unravelling by Vehumet.
 34888 | Swamp:1  | Entered Level 1 of the Swamp
 35261 | Swamp:1  | Learned a level 4 spell: Airstrike
 38125 | Orc:2    | Entered Level 2 of the Orcish Mines
 38209 | Orc:2    | Offered knowledge of Conjure Ball Lightning by Vehumet.
 38683 | Orc:2    | Noticed an orc warlord
 38702 | Orc:2    | Killed an orc warlord
 38821 | Orc:2    | Reached skill level 17 in Conjurations
 39311 | Orc:2    | Identified the +1 cloak of the Spheres {rF- Str+5} (You
                  | found it on level 2 of the Orcish Mines)
 40083 | Orc:2    | Found a roughly hewn altar of Beogh.
 40213 | Orc:2    | Found Nihaedig's Weapon Emporium.
 40384 | Orc:2    | Bought the +6 whip "Bamiclir" {drain, rN+ Str+7 Dex+2} for
                  | 969 gold pieces
 40402 | Orc:2    | Found Fokloq's Antique Weapon Shoppe.
 40878 | Orc:2    | Noticed an orc warlord
 40905 | Orc:2    | Killed an orc warlord
 41173 | Orc:2    | Noticed an orc warlord
 41202 | Orc:2    | Reached skill level 10 in Fighting
 41537 | Orc:1    | Killed an orc warlord
 41902 | Orc:2    | Reached XP level 16. HP: 72/97 MP: 22/30
 42178 | Orc:2    | Reached skill level 10 in Evocations
 42200 | Orc:2    | Offered knowledge of Bolt of Fire by Vehumet.
 42223 | Orc:2    | Learned a level 6 spell: Bolt of Fire
 42377 | Orc:2    | Found Cagupiqo's Armour Shoppe.
 42390 | Orc:2    | Bought a +2 cloak of magic resistance for 279 gold pieces
 42413 | Orc:2    | Found a roughly hewn altar of Beogh.
 42465 | Orc:2    | Found Obom's Distillery.
 42493 | Orc:2    | Bought a potion of brilliance for 68 gold pieces
 42493 | Orc:2    | Bought a potion of invisibility for 136 gold pieces
 42493 | Orc:2    | Bought a potion of curing for 51 gold pieces
 42493 | Orc:2    | Bought a potion of haste for 170 gold pieces
 42493 | Orc:2    | Bought 2 potions of curing for 102 gold pieces
 42493 | Orc:2    | Bought a potion of cancellation for 136 gold pieces
 42873 | Orc:2    | Found a staircase to the Elven Halls.
 43425 | Swamp:2  | Noticed a thorn hunter
 44418 | Swamp:2  | Killed a thorn hunter
 44684 | Swamp:2  | Reached skill level 10 in Spellcasting
 45677 | Swamp:2  | Identified the +3 broad axe of Duty {elec, rC+ Str+2
                  | Stlth+} (You found it on level 2 of the Swamp)
 46159 | Swamp:2  | Reached skill level 18 in Conjurations
 47602 | Swamp:3  | Noticed a thorn hunter
 47613 | Swamp:3  | Killed a thorn hunter
 48585 | Swamp:3  | Identified the cursed +1 war axe "Caos" {distort, rF+ SInv
                  | Stlth+} (You found it on level 3 of the Swamp)
 48907 | Swamp:3  | Noticed a thorn hunter
 48918 | Swamp:3  | Killed a thorn hunter
 49167 | Swamp:3  | Offered knowledge of Spellforged Servitor by Vehumet.
 49183 | Swamp:3  | Learned a level 7 spell: Spellforged Servitor
 49352 | Spider:1 | Entered Level 1 of the Spider Nest
 49352 | Spider:1 | Identified the cursed +0 shield of the Original Sin
                  | {Slay+3}
 49352 | Spider:1 | Noticed Donald
 49428 | Lair:2   | Killed Donald
 49428 | Lair:2   | Reached XP level 17. HP: 69/104 MP: 13/32
 50640 | Spider:1 | Identified a scroll of acquirement
 50642 | Spider:1 | Identified the amulet "Esuwk" {Faith Fragile rN+ Int+4}
                  | (You acquired it on level 1 of the Spider Nest)
 50707 | Spider:1 | HP: 3/104 [entropy weaver (14)]
 53020 | Spider:2 | Noticed Aizul
 53032 | Spider:2 | Killed Aizul
 53456 | Spider:2 | Noticed Arachne
 53467 | Spider:2 | Killed Arachne
 53634 | Spider:2 | Identified the ring of Fauzxoall {rPois MR+ Str+4 Int+2
                  | Dex+4} (You found it on level 2 of the Spider Nest)
 54321 | Swamp:4  | Entered Level 4 of the Swamp
 54847 | Swamp:4  | Offered knowledge of Bolt of Cold by Vehumet.
 55241 | Swamp:3  | Reached skill level 5 in Shields
 55455 | Swamp:2  | Reached skill level 19 in Conjurations
 59315 | Swamp:4  | Got a decaying rune of Zot
 59578 | Spider:3 | Reached XP level 18. HP: 100/110 MP: 4/33
 60812 | Spider:3 | Reached ****** piety under Vehumet
 60816 | Spider:3 | Offered knowledge of Fire Storm by Vehumet.
 60816 | Spider:3 | Offered knowledge of Chain Lightning by Vehumet.
 60816 | Spider:3 | Offered knowledge of Ignition by Vehumet.
 61046 | Spider:4 | Entered Level 4 of the Spider Nest
 61051 | Spider:4 | Noticed Bai Suzhen
 61114 | Spider:4 | Killed Bai Suzhen
 62238 | Spider:4 | Reached skill level 5 in Translocations
 64346 | Spider:4 | Slain by an emperor scorpion

Levels and vault maps discovered:
D:1:      grunt_arrival_lava_bath, layout_basic, minmay_tetromino_s4
D:2:      minmay_angry_zag, layout_basic
D:3:      layout_rooms, grunt_temple_overflow_order_and_chaos_2,
          lemuel_doored_altar, ebering_ghost_sewer_d, minmay_stone_trees_medium,
          grunt_ministairs_14, minmay_misc_feat_tiny, lemuel_tele_altar
D:4:      layout_basic, minmay_temple_entry_trees
D:5:      layout_layer_cave, chequers_temple_overflow_minitemple,
          gammafunk_ghost_grave, first_ration, minmay_misc_feat_rows,
          minmay_circle_x, uniq_crazy_yiuf_cottage
D:6:      layout_loops_corners, lemuel_round_altar, nicolae_water_bricks
D:7:      layout_rooms, ashenzari_altar_1, uniq_menkaure
D:8:      layout_basic, david_lair_generic
D:9:      layout_loops_cross, marbit_many_paths, gammafunk_ghost_spectres,
          basic_altar
D:10:     layout_roguey, orc_0_dummy, gammafunk_ghost_cemetery, grunt_tengu_nest
D:11:     layout_long_grid
D:12:     layout_cave_pools
D:13:     layout_rooms, uniq_snorg
D:14:     layout_long_grid, erik_vaults_2, minmay_stone_trees_small,
          minmay_st_funbox, uniq_kirke, uniq_jorgrun
D:15:     gammafunk_enter_depths_forms, layout_irregular_city, st_stairs_4,
          uniq_nessos
Temple:   dshaligram_water_room_temple
Lair:1:   layout_hall_layers, lemuel_fruit_fields
Lair:2:   layout_gridlike, dummy_spider_entry, grunt_megastairs_2
Lair:3:   layout_gridlike, minmay_swamp_entry_worms
Lair:4:   beast_lair_carwin_large_3, layout_small_grid
Lair:5:   layout_cave_pods, minmay_slime_entry_pillars, serial_forest,
          infiniplex_forest_lined_room_3, infiniplex_forest_end_3,
          infiniplex_forest_straight_4, infiniplex_forest_clump_curved,
          infiniplex_forest_lined_corner, infiniplex_forest_lined_2
Lair:6:   minmay_lair_end_enchanted_forest, layout_misc_corridors,
          serial_bayou_crossing, serial_bayou_shore_b, lemuel_fruit_tree
Swamp:1:  layout_basic_swamp, evilmike_swamp_ruin_rubble_2,
          infiniplex_staircase_pool
Swamp:2:  cheibrodos_swamp_mausoleum, layout_basic_swamp, serial_swamp_ruin,
          evilmike_swamp_ruin_rubble_1, evilmike_swamp_ruin_house_2,
          evilmike_swamp_ruin_house_1, infiniplex_staircase_pool_2
Swamp:3:  layout_basic_swamp, evilmike_swamp_ruin_house_5
Swamp:4:  swamp_icy, layout_basic_swamp
Spider:1: layout_spider_delve, uniq_donald
Spider:2: lemuel_spider_zombies, uniq_aizul, uniq_arachne
Spider:3: layout_spider_delve, nicolae_spider_nook
Spider:4: guppyfry_spider_rune, uniq_bai_suzhen
Orc:1:    layout_caves, uniq_urug
Orc:2:    pubby_orc_utopia

Skill      XL: |  1  2  3  4  5  6  7  8  9 10 11 12 13 14 15 16 17 18 |
---------------+-------------------------------------------------------+-----
Conjurations   | 2 3 4 5 6 8 9 11 13 14 15 17 18 19 | 19.6
Armour         | 1 2 3 4 5 6 7 9 10 11 12 | 12.4
Fighting       | 1 2 3 5 6 7 8 9 10 11 | 11.5
Summonings     | 2 3 4 5 6 8 9 |  9.2
Dodging        | 3 4 5 6 7 8 9 10 11 12 | 12.7
Evocations     | 1 2 3 4 6 7 8 9 10 11 | 11.5
Air Magic      | 1 2 4 6 8 9 |  9.0
Shields        | 1 2 3 4 5 |  5.9
Poison Magic   | 1 2 3 4 |  4.0
Spellcasting   | 4 5 6 7 8 9 10 11 | 11.0
Translocations | 1 2 3 4 5 |  5.1
Maces & Flails | 3 4 |  4.0
Earth Magic    | 2 |  2.0
Stealth        | |  2.0

Action                   |  1- 3 |  4- 6 |  7- 9 | 10-12 | 13-15 | 16-18 || total
-------------------------+-------+-------+-------+-------+-------+-------++-------
Melee: Whip              |    22 |   122 |   253 |   279 |   839 |   238 ||  1753
       Kick              |     5 |    23 |    60 |    65 |   241 |   214 ||   608
       Peck              |       |    16 |    37 |    38 |   133 |   133 ||   357
       Spear             |       |       |    27 |    15 |       |       ||    42
       Flail             |       |       |       |    18 |     1 |    12 ||    31
       Staff             |       |       |       |       |       |   308 ||   308
Throw: Dart              |     1 |    12 |    36 |    46 |    54 |     5 ||   154
 Cast: Magic Dart        |    57 |    67 |   215 |   323 |   208 |    58 ||   928
       Call Imp          |       |     2 |       |     2 |     3 |       ||     7
       Conjure Flame     |       |     3 |    18 |    31 |    43 |    31 ||   126
       Blink             |       |     1 |       |       |     8 |     8 ||    17
       Mephitic Cloud    |       |       |     9 |    24 |    66 |    32 ||   131
       Shock             |       |       |     4 |       |    16 |    63 ||    83
       Searing Ray       |       |       |       |    78 |   198 |     6 ||   282
       Stone Arrow       |       |       |       |     9 |   131 |   661 ||   801
       Airstrike         |       |       |       |       |    17 |   246 ||   263
       Bolt of Fire      |       |       |       |       |       |    19 ||    19
       Swiftness         |       |       |       |       |       |     1 ||     1
       Spellforged Servi |       |       |       |       |       |     1 ||     1
 Abil: Fly               |       |     1 |       |       |       |       ||     1
Evoke: Wand              |       |       |       |    11 |    29 |    95 ||   135
       Phial of floods   |       |       |       |       |     2 |       ||     2
       Staff of Olgreb   |       |       |       |       |       |    17 ||    17
  Use: Scroll            |       |     9 |    13 |     8 |    14 |    20 ||    64
       Potion            |       |       |       |       |     3 |     9 ||    12
 Stab: Sleeping          |     2 |     4 |     5 |     2 |     3 |       ||    16
       Confused          |       |       |       |     5 |     8 |     8 ||    21
       Distracted        |       |       |       |     2 |     1 |       ||     3
       Paralysed         |       |       |       |       |    16 |    19 ||    35
  Eat: Chunk             |     2 |     9 |    11 |    23 |    42 |    25 ||   112
       Ration            |       |       |     2 |     3 |     7 |    15 ||    27
Armor: Robe              |     6 |    27 |    60 |    10 |       |       ||   103
       Leather armour    |       |       |       |    61 |   298 |   156 ||   515
       Fire dragon scale |       |       |       |       |    11 |   324 ||   335
       Storm dragon scal |       |       |       |       |       |   271 ||   271
Dodge: Dodged            |    22 |   152 |   319 |   482 |  1254 |  1439 ||  3668
       Deflected         |       |       |       |     8 |    43 |       ||    51
Block: Buckler           |       |       |    56 |   131 |   297 |   391 ||   875
